 Dungeon Crawl Stone Soup version 0.17-b1-33-gd9cf236 (console) character file.

186334 Kloppie the Fencer (level 17, -4/252 HPs)
             Began as a Minotaur Berserker on Nov 6, 2015.
             Was a High Priest of Trog.
             Slain by a redback (8 damage)
             ... summoned by a deep elf summoner
             ... on level 1 of the Elven Halls.
             The game lasted 02:05:52 (38404 turns).

Kloppie the Fencer (Minotaur Berserker)            Turns: 38404, Time: 02:05:52

Health: -4/252     AC: 23    Str: 36    XL:     17   Next: 84%
Magic:  0/32       EV: 11    Int:  9    God:    Trog [*****.]
Gold:   369        SH:  0    Dex:  6    Spells: 0 memorised, 16 levels left

rFire  + + +     SeeInvis +     a - +2 triple sword (drain)
rCold  + . .     Clarity  +     E - +5 scale mail of True Grit {rC+ rN+ Int+5 Dex-5}
rNeg   + . .     SustAt   .     (shield currently unavailable)
rPois  +         Gourm    .     M - +2 hat of the High Council {Archmagi, Wiz- Stlth-}
rElec  +         Spirit   +     R - +1 cloak
rCorr  .         Warding  .     y - +2 pair of gloves {Str+3}
rMut   .         NoTele   +     (no boots)
MR     +++++                    w - amulet of guardian spirit
Stlth  ..........               q - ring of Peace {rElec rF+++ MR- MP+9 SInv}
                                T - ring "Cyshoas" {-Tele +Inv rPois MR+++ Stlth+}

@: berserking, regenerating, drained, very quick, almost entirely resistant to
hostile enchantments, extremely unstealthy
A: retaliatory headbutt, horns 2, clarity
a: Berserk, Trog's Hand, Brothers in Arms, Burn Spellbooks, Renounce Religion,
Evoke Invisibility


You were on level 1 of the Elven Halls.
You worshipped Trog.
Trog was extremely pleased with you.
You were hungry.

You visited 5 branches of the dungeon, and saw 31 of its levels.
You also visited: Ice Cave.

You collected 3413 gold pieces.
You spent 3044 gold pieces at shops.

Inventory:

Hand Weapons
 a - a +2 triple sword of draining (weapon)
 b - a +4 scimitar of flaming
Missiles
 x - 19 javelins of penetration (quivered)
 P - 4 silver javelins
 U - 9 javelins of returning
Armour
 y - a +2 pair of gloves of strength (worn)
 E - the +5 scale mail of True Grit (worn) {rC+ rN+ Int+5 Dex-5}
   (You found it in an ice cave)

   It affects your intelligence (+5).
   It affects your dexterity (-5).
   It protects you from cold.
   It protects you from negative energy.
 M - the +2 hat of the High Council (worn) {Archmagi, Wiz- Stlth-}
   (You found it on level 8 of the Lair of Beasts)

   It makes you less stealthy.
 R - a +1 cloak (worn)
Jewellery
 d - an uncursed ring of flight
 q - the ring of Peace (right hand) {rElec rF+++ MR- MP+9 SInv}
   (You bought it in a shop on level 4 of the Orcish Mines)

   [ring of magical power]

   It renders you almost immune to fire.
   It insulates you from electricity.
   It affects your resistance to hostile enchantments.
   It affects your magic capacity (+9).
   It lets you see invisible.
 w - an amulet of guardian spirit (around neck)
 O - an uncursed amulet of resist mutation
 S - the ring of Heus {+Blink MP+9 Dex+2 SInv}
   (You bought it in a shop on level 4 of the Orcish Mines)

   [ring of see invisible]

   It affects your dexterity (+2).
   It affects your magic capacity (+9).
   It lets you see invisible.
   It lets you blink.
 T - the ring "Cyshoas" (left hand) {-Tele +Inv rPois MR+++ Stlth+}
   (You bought it in a shop on level 4 of the Orcish Mines)

   [ring of poison resistance]

   It protects you from poison.
   It affects your resistance to hostile enchantments.
   It lets you turn invisible.
   It prevents most forms of teleportation.
   It makes you more stealthy.
Wands
 k - a wand of paralysis (17)
 B - a wand of disintegration (24)
 D - a wand of hasting (6)
 N - a wand of teleportation (2)
 Q - a wand of digging (9)
 X - a wand of heal wounds (5)
Scrolls
 e - 5 scrolls of magic mapping
 h - 2 scrolls of recharging
 n - 3 scrolls of identify
 o - 4 scrolls of fear
 t - 11 scrolls of remove curse
 v - 7 scrolls of teleportation
 A - a scroll of silence
 H - a scroll of blinking
 K - 3 scrolls of fog
Potions
 f - 11 potions of curing
 p - 4 potions of might
 r - 4 potions of haste
 u - a potion of cancellation
 I - 5 potions of heal wounds
Comestibles
 c - 20 bread rations
 g - 14 chunks of flesh


   Skills:
 + Level 19.4(18.2) Fighting
 - Level 20.0(18.8) Long Blades
 - Level 12.1(11.1) Throwing
 + Level 16.5(15.4) Armour
 - Level 2.1(1.4) Dodging
 - Level 10.1(9.2) Evocations


You had 16 spell levels left.
You didn't know any spells.

Dungeon Overview and Level Annotations

Branches:
Dungeon (15/15)            Temple (0/1) D:7            Lair (8/8) D:8
 Shoals (0/4) Lair:4        Snake (3/4) Lair:5        Slime (0/6) Lair:6
    Orc (4/4) D:12            Elf (1/3) Orc:4        Vaults (0/5) D:13
 Depths (0/5) D:15

Altars:
Cheibriados
Elyvilon
Fedhas
Gozag
Makhleb
Nemelex Xobeh
Qazlal
Ru
Sif Muna
Trog
Vehumet
Xom
Yredelemnul
The Shining One

Shops:
D:4 [   D:14 ((   D:15 *   Orc:1 *   Orc:2 }   Orc:3 (   Orc:4 =(*[%!?=

Portals:
Trove: D:10 (give +3 fire dragon armour)

Annotations:
D:8 exclusion: statue


Innate Abilities, Weirdness & Mutations

You reflexively headbutt those who attack you in melee.
You have a pair of horns on your head.
You possess an exceptional clarity of mind.


Message History

The hell rat bites you!
* * * LOW HITPOINT WARNING * * *
You partially resist.
You feel drained.
The small abomination hits you but does no damage.
You slice the hell rat!!
You kill the hell rat!
The hell rat's corpse disappears in a puff of smoke!
A crawling corpse merges with a small abomination to form a large abomination.
The demonic crawler disappears in a puff of smoke!
The large abomination hits you!
* * * LOW HITPOINT WARNING * * *
The redback bites you but does no damage.
Items here: $ )))) [[ † You completely miss the large abomination.
Your headbutt misses the large abomination.
The small abomination hits you!
* * * LOW HITPOINT WARNING * * *
The large abomination completely misses you.
The redback bites you!
You die...

.#####.............#
.....# ##............#
........####..........##
.#..#..#..# ##........##
..........## #.......##
#....#..#.s# #......##
..e......es# #.....##
......#.e#s###.##.##
.........§X@x).# ##
........########
#########


You could see a deep elf summoner, a large abomination, a deep elf priest, 3
redbacks and a small abomination.

Vanquished Creatures
  Saint Roka (Snake:2)
  Vashnia (Snake:2)
  A greater naga (Snake:1)
  A frost giant (IceCv)
  Maud (Lair:5)
  Louise (Snake:2)
  An orc warlord (Orc:4)
  A dire elephant (D:15)
  Snorg (Orc:3)
  3 vault guards (D:13)
  8 hydras
  Harold (D:10)
  4 naga warriors
  The ghost of Apachew the Slicer, a journeyman VSBe of Trog (D:14)
  Erolcha (D:10)
  2 catoblepae (Lair:8)
  Erica (Lair:1)
  2 centaur warriors
  2 ogre magi
  4 anacondas
  3 orc high priests (Orc:4)
  20 death yaks
  13 naga sharpshooters
  6 shock serpents
  Nergalle (Lair:3)
  3 deep elf knights (Elf:1)
  3 skeletal warriors (D:14)
  A naga ritualist (Snake:2)
  2 salamander mystics (Snake:2)
  12 hill giants
  2 unseen horrors
  4 deep elf summoners (Elf:1)
  Pikel (D:6)
  7 deep elf conjurers
  6 orc sorcerers
  7 mana vipers
  3 wolf spiders (D:15)
  A wolf spider zombie (D:14)
  The ghost of yokelz the Frost Mage, a novice DEIE of Vehumet (D:8)
  3 cyclopes
  A lindwurm (Lair:6)
  3 griffons
  9 salamanders
  8 manticores
  5 orc knights
  10 ugly things
  3 sirens (Lair:4)
  30 black mambas
  Maurice (Orc:3)
  13 naga magi
  An ice statue (IceCv)
  A torpor snail (Lair:7)
  17 spiny frogs
  2 gargoyles
  6 komodo dragons
  2 kobold demonologists
  An efreet (D:15)
  4 guardian mummies (D:12)
  4 fire drakes
  A deep elf priest (Elf:1)
  10 trolls
  A merfolk (Lair:4)
  16 polar bears
  4 two-headed ogres
  A two-headed ogre (shapeshifter) (Elf:1)
  30 blink frogs
  8 slime creatures
  A boulder beetle (Lair:8)
  4 deep elf fighters
  81 yaks
  A wyvern (Lair:4)
  2 shadows (D:15)
  2 tarantellas (shapeshifter)
  A water elemental (D:15)
  12 deep elf magi
  6 basilisks
  A spriggan (D:7)
  2 steam dragons
  2 wraiths (D:14)
  7 hippogriffs
  3 hungry ghosts
  36 wolves
  4 vampire mosquitoes (D:15)
  3 wargs
  3 mottled dragons
  15 nagas
  17 water moccasins
  26 orc warriors
  A slave (D:6)
  8 porcupines
  8 spiders (Snake:3)
  2 necrophages
  5 ice beasts
  20 ogres
  3 sky beasts
  12 centaurs
  2 phantoms
  19 big kobolds
  Blork the orc (D:6)
  22 crocodiles
  13 giant frogs
  A wyvern skeleton (D:13)
  4 scorpions
  A water moccasin skeleton (D:7)
  13 wights
  8 killer bees
  11 electric eels
  2 vampire bats (Lair:3)
  8 jellies
  2 crimson imps
  A centaur zombie (D:8)
  A giant frog zombie (D:10)
  31 orc priests
  A wasp zombie (D:11)
  4 centaur skeletons
  6 hounds
  23 orc wizards
  Crazy Yiuf (D:6)
  2 quasits
  A giant frog skeleton (D:12)
  9 iguanas
  Terence (D:3)
  10 worker ants
  3 iron imps (D:8)
  A hell rat (Lair:5)
  A killer bee zombie (D:7)
  15 sheep
  4 mummies (D:12)
  A hound zombie (D:5)
  2 hound skeletons
  2 worker ant zombies (D:10)
  12 adders
  9 gnolls
  76 river rats
  4 shadow imps
  2 adder zombies (D:8)
  2 oozes
  An adder skeleton (D:8)
  2 worms (D:2)
  151 orcs
  3 ball pythons (D:4)
  21 bats
  8 giant cockroaches
  13 hobgoblins
  11 jackals
  6 quokkas
  A ball python skeleton (D:4)
  4 giant geckos
  A giant gecko skeleton (D:5)
  7 giant newts
  4 goblins
  A goblin skeleton (D:9)
  4 hobgoblin zombies (D:9)
  30 kobolds
  2 kobold skeletons (D:9)
  A kobold zombie (D:9)
  2 orc skeletons (D:9)
  5 orc zombies (D:9)
  A quokka skeleton (D:5)
  22 rats
  A fungus (Lair:8)
  2 plants (D:10)
1253 creatures vanquished.

Vanquished Creatures (collateral kills)
  A vault guard (D:13)
  A catoblepas (Lair:8)
  A death yak (Lair:8)
  An orc sorcerer (Orc:4)
  2 orc warriors (Orc:4)
  2 orc priests (Orc:4)
  5 orc wizards (Orc:4)
  A worker ant (D:13)
  2 orcs (Orc:4)
16 creatures vanquished.

Vanquished Creatures (others)
  A wolf (IceCv)
  An orc priest (Orc:4)
  2 orc wizards
  3 orcs
  6 fungi
  10 plants
23 creatures vanquished.

Grand Total: 1292 creatures vanquished

Notes
Turn   | Place    | Note
--------------------------------------------------------------
     0 | D:1      | Kloppie the Minotaur Berserker began the quest for the Orb.
     0 | D:1      | Reached XP level 1. HP: 19/19 MP: 0/0
   133 | D:1      | Reached XP level 2. HP: 17/27 MP: 1/1
   399 | D:1      | Reached skill level 4 in Fighting
   699 | D:1      | Reached ** piety under Trog
   790 | D:2      | Found a basalt altar of Yredelemnul.
   825 | D:2      | Reached XP level 3. HP: 33/33 MP: 2/2
  1311 | D:2      | Found a sacrificial altar of Ru.
  1581 | D:3      | Noticed Terence
  1596 | D:3      | Killed Terence
  1596 | D:3      | Reached XP level 4. HP: 16/41 MP: 3/3
  2290 | D:4      | Reached skill level 5 in Long Blades
  2347 | D:4      | Reached XP level 5. HP: 40/47 MP: 4/4
  2360 | D:4      | Reached *** piety under Trog
  2361 | D:4      | Found Veuhiet's Antique Armour Shop.
  2395 | D:4      | Bought a pair of runed gloves for 121 gold pieces
  2473 | D:4      | Reached skill level 5 in Fighting
  2733 | D:5      | Entered Level 5 of the Dungeon
  2773 | D:5      | Found a snail-covered altar of Cheibriados.
  2779 | D:5      | Found a white marble altar of Elyvilon.
  2782 | D:5      | Found a sparkling altar of Nemelex Xobeh.
  2813 | D:5      | Noticed a centaur
  2834 | D:5      | Killed a centaur
  2834 | D:5      | Reached XP level 6. HP: 11/56 MP: 5/5
  2995 | D:5      | Reached skill level 5 in Armour
  3274 | D:5      | Noticed an ogre
  3280 | D:5      | Killed an ogre
  3280 | D:5      | Reached skill level 6 in Long Blades
  3436 | D:5      | Reached XP level 7. HP: 55/63 MP: 6/6
  4005 | D:6      | Reached skill level 7 in Long Blades
  4101 | D:6      | Noticed Pikel
  4123 | D:6      | Killed Pikel
  4123 | D:6      | Reached XP level 8. HP: 56/74 MP: 7/7
  4142 | D:6      | Found a blossoming altar of Fedhas.
  4244 | D:6      | Noticed Crazy Yiuf
  4249 | D:6      | Killed Crazy Yiuf
  4249 | D:6      | Reached skill level 8 in Long Blades
  4727 | D:6      | Noticed Blork the orc
  4736 | D:6      | Killed Blork the orc
  4736 | D:6      | Reached **** piety under Trog
  4909 | D:7      | Found a deep blue altar of Sif Muna.
  5037 | D:7      | Found a sacrificial altar of Ru.
  5189 | D:7      | Found a staircase to the Ecumenical Temple.
  5321 | D:7      | Reached skill level 9 in Long Blades
  5499 | D:7      | Reached XP level 9. HP: 72/82 MP: 8/8
  5714 | D:7      | Found a shimmering altar of Xom.
  5714 | D:7      | Found a stormy altar of Qazlal.
  6058 | D:8      | Found a staircase to the Lair.
  6064 | D:8      | Reached ***** piety under Trog
  6104 | D:8      | Found an opulent altar of Gozag.
  6177 | D:8      | Found a bloodstained altar of Trog.
  6221 | D:8      | Reached skill level 10 in Long Blades
  6261 | D:8      | Received a gift from Trog
  6276 | D:8      | Found a radiant altar of Vehumet.
  6297 | D:8      | Noticed yokelz's ghost (novice DEIE)
  6306 | D:8      | Killed yokelz's ghost
  6306 | D:8      | Reached skill level 10 in Fighting
  6306 | D:8      | Reached skill level 10 in Armour
  6383 | D:8      | Found a burning altar of Makhleb.
  6715 | Lair:1   | Entered Level 1 of the Lair of Beasts
  6746 | Lair:1   | Reached XP level 10. HP: 91/94 MP: 9/9
  6863 | Lair:1   | Noticed Erica
  6881 | Lair:1   | Killed Erica
  6881 | Lair:1   | Reached skill level 11 in Long Blades
  7277 | Lair:1   | Noticed a spiny frog
  7284 | Lair:1   | Killed a spiny frog
  7316 | Lair:1   | Noticed a four-headed hydra
  7326 | Lair:1   | Killed a one-headed hydra
  7326 | Lair:1   | Reached skill level 12 in Long Blades
  7372 | Lair:1   | Found a burning altar of Makhleb.
  7452 | Lair:1   | Reached skill level 5 in Throwing
  7990 | Lair:1   | Reached XP level 11. HP: 101/101 MP: 10/10
  8385 | Lair:2   | Reached skill level 13 in Long Blades
  8388 | Lair:2   | Received a gift from Trog
  8932 | D:4      | Bought a transparent scale mail for 243 gold pieces
  8932 | D:4      | Identified the +6 scale mail of Peek-a-Boo {rElec} (You bought it in a shop on level 4 of the Dungeon)
  9496 | Lair:2   | Found a radiant altar of Vehumet.
 10096 | Lair:2   | Reached skill level 14 in Long Blades
 10288 | Lair:2   | Received a gift from Trog
 11247 | Lair:3   | Reached skill level 16 in Long Blades
 11247 | Lair:3   | Reached XP level 12. HP: 102/108 MP: 3/11
 11422 | Lair:3   | Reached XP level 13. HP: 114/114 MP: 12/12
 11733 | Lair:3   | Reached skill level 17 in Long Blades
 11737 | Lair:3   | Noticed Nergalle
 11760 | Lair:3   | Killed Nergalle
 11904 | Lair:3   | Reached skill level 10 in Throwing
 12709 | Lair:4   | Found a staircase to the Shoals.
 13178 | Lair:4   | Reached skill level 18 in Long Blades
 13488 | Lair:4   | Received a gift from Trog
 13522 | Lair:4   | Gained mutation: You possess an exceptional clarity of mind. [potion of beneficial mutation]
 13829 | Lair:4   | Received a gift from Trog
 14323 | Lair:5   | Noticed Maud
 14334 | Lair:5   | Killed Maud
 14351 | Lair:5   | Found a staircase to the Snake Pit.
 14548 | Lair:5   | Received a gift from Trog
 14675 | Lair:5   | Received a gift from Trog
 15037 | Lair:5   | Reached XP level 14. HP: 127/127 MP: 13/13
 15349 | Lair:6   | Found a frozen archway.
 15358 | IceCv    | Entered an ice cave
 15423 | IceCv    | Received a gift from Trog
 15423 | IceCv    | Reached skill level 19 in Long Blades
 15510 | IceCv    | Received a gift from Trog
 15646 | IceCv    | Received a gift from Trog
 16065 | IceCv    | Noticed a frost giant
 16076 | IceCv    | Killed a frost giant
 16111 | IceCv    | Got a heavily runed scale mail
 16117 | IceCv    | Identified the +5 scale mail of True Grit {rC+ rN+ Int+5 Dex-5} (You found it in an ice cave)
 16123 | IceCv    | Got a smelly leather armour
 16375 | Lair:1   | Identified a +2 rod of shadows (9/9) (You found it on level 4 of the Lair of Beasts)
 16598 | Lair:6   | Found a staircase to the Slime Pits.
 17035 | Lair:6   | Identified the cursed +1 leather armour of the Game Afoot {rN+ SInv} (You found it in an ice cave)
 17658 | Lair:7   | Received a gift from Trog
 17784 | Lair:7   | Reached skill level 20 in Long Blades
 17918 | Lair:7   | Reached skill level 1 in Evocations
 19135 | D:9      | Found a glowing golden altar of the Shining One.
 19387 | D:10     | Entered Level 10 of the Dungeon
 19444 | D:10     | Got a faintly humming robe
 19476 | D:10     | Identified the cursed +0 robe "Diuf" {rElec MR- rCorr Str+2} (You found it on level 10 of the Dungeon)
 19657 | D:10     | Found a radiant altar of Vehumet.
 19680 | D:10     | Noticed Erolcha
 19692 | D:10     | Killed Erolcha
 19831 | D:10     | Noticed Harold
 19846 | D:10     | Killed Harold
 20049 | D:10     | Found a portal to a secret trove of treasure.
 20097 | D:11     | Reached ****** piety under Trog
 20099 | D:11     | Received a gift from Trog
 20204 | D:11     | Reached XP level 15. HP: 136/139 MP: 17/17
 21228 | D:12     | Reached skill level 5 in Evocations
 21230 | D:12     | Found a staircase to the Orcish Mines.
 21543 | D:12     | Received a gift from Trog
 21965 | Orc:1    | Entered Level 1 of the Orcish Mines
 21965 | Orc:1    | Found Nudul's General Store.
 22685 | Orc:2    | Received a gift from Trog
 22884 | Orc:2    | Found Wogeghec's Quality Used Wands.
 23209 | Orc:3    | Noticed Maurice
 23215 | Orc:3    | Killed Maurice
 23228 | Orc:3    | Noticed Snorg
 23237 | Orc:3    | Killed Snorg
 23866 | Orc:3    | Found Azaos's Weapon Emporium.
 23887 | Orc:2    | Found a burning altar of Makhleb.
 24011 | Orc:4    | Entered Level 4 of the Orcish Mines
 24059 | Orc:4    | Received a gift from Trog
 24092 | Orc:4    | Found Dupsankupt's Food Shoppe.
 24160 | Orc:4    | Found a staircase to the Elven Halls.
 24291 | Orc:4    | Found Vaisor Wuwna's Distillery.
 24334 | Orc:4    | Found Zatz's Magic Scroll Boutique.
 24387 | Orc:4    | Found Initezao's Jewellery Shop.
 24396 | Orc:4    | Bought an uncursed amulet of resist mutation for 560 gold pieces
 24396 | Orc:4    | Bought the ring of Heus {+Blink MP+9 Dex+2 SInv} for 464 gold pieces
 24396 | Orc:4    | Bought the ring "Cyshoas" {-Tele +Inv rPois MR+++ Stlth+} for 593 gold pieces
 24408 | Orc:4    | Bought a scroll of torment for 97 gold pieces
 25254 | Orc:4    | Received a gift from Trog
 25264 | Orc:4    | Found Edydymn's Antique Armour Boutique.
 25265 | Orc:4    | Found Yceveosk's Antique Weapon Boutique.
 25268 | Orc:4    | Found Raraeg's General Store.
 25268 | Orc:4    | Found Wiv Ovub's Jewellery Shop.
 26046 | Lair:8   | Entered Level 8 of the Lair of Beasts
 26332 | Lair:8   | Received a gift from Trog
 26335 | Lair:8   | Found a deep blue altar of Sif Muna.
 26574 | Lair:8   | Reached skill level 15 in Fighting
 26579 | Lair:8   | Received a gift from Trog
 26802 | Lair:8   | Reached XP level 16. HP: 53/149 MP: 21/21
 27781 | Orc:4    | Bought the ring of Peace {rElec rF+++ MR- MP+9 SInv} for 966 gold pieces
 28222 | Snake:1  | Entered Level 1 of the Snake Pit
 28244 | Snake:1  | Received a gift from Trog
 28562 | Snake:1  | Received a gift from Trog
 28935 | Snake:2  | Reached skill level 10 in Evocations
 29173 | Snake:2  | Noticed Louise
 29186 | Snake:2  | Killed Louise
 29382 | Snake:2  | Noticed Vashnia
 30342 | Snake:2  | Killed Vashnia
 31066 | Snake:2  | Received a gift from Trog
 31759 | Snake:3  | Noticed Saint Roka
 32084 | Snake:2  | Killed Saint Roka
 33070 | Snake:2  | Reached XP level 17. HP: 121/163 MP: 23/23
 33506 | Snake:3  | Received a gift from Trog
 34291 | D:13     | Found a gate to the Vaults.
 34881 | D:14     | Reached skill level 15 in Armour
 34912 | D:14     | Found Kocucz Gooh's Weapon Emporium.
 34933 | D:14     | Found Boji's Antique Weapon Boutique.
 35132 | D:14     | Received a gift from Trog
 35257 | D:14     | Noticed Apachew's ghost (journeyman VSBe)
 35268 | D:14     | Killed Apachew's ghost
 35900 | D:15     | Entered Level 15 of the Dungeon
 35923 | D:15     | Found Rebay's General Store.
 36625 | D:15     | Received a gift from Trog
 37022 | D:15     | Found a staircase to the Depths.
 37269 | D:15     | Received a gift from Trog
 37900 | Elf:1    | Entered Level 1 of the Elven Halls
 38404 | Elf:1    | HP: 4/252 [small abomination[a deep elf priest] (14)]
 38404 | Elf:1    | Slain by a redback

Action                   |  1- 3 |  4- 6 |  7- 9 | 10-12 | 13-15 | 16-18 || total
-------------------------+-------+-------+-------+-------+-------+-------++-------
Melee: Falchion          |   115 |    88 |    83 |       |       |       ||   286
       Great sword       |       |       |   119 |       |       |       ||   119
       Demon blade       |       |       |    20 |   288 |       |       ||   308
       Scimitar          |       |       |       |     3 |    22 |     5 ||    30
       Triple sword      |       |       |       |    46 |  1432 |   914 ||  2392
Throw: Javelin           |       |     9 |       |     8 |    88 |    65 ||   170
       Tomahawk          |       |     1 |       |     3 |     5 |       ||     9
Invok: Berserk           |     3 |     1 |     3 |     1 |     6 |     6 ||    20
       Trog's Hand       |       |       |     2 |     4 |    21 |    16 ||    43
       Brothers in Arms  |       |       |       |       |     2 |     4 ||     6
  Use: Scroll            |       |       |    22 |     3 |    12 |     3 ||    40
       Potion            |       |       |       |     1 |     2 |       ||     3
 Stab: Paralysed         |       |       |     1 |       |       |       ||     1
       Distracted        |       |       |       |       |       |     1 ||     1
  Eat: Chunk             |     4 |     8 |    14 |    16 |    54 |    29 ||   125
       Fruit             |       |       |       |     1 |     4 |     9 ||    14
       Bread ration      |       |       |       |       |     1 |     1 ||     2
       Pizza             |       |       |       |       |     1 |     1 ||     2
       Meat ration       |       |       |       |       |       |     1 ||     1
